 Dungeon Crawl Stone Soup version 0.32-a0-329-ge6c31236d6 (webtiles) character file.

Game seed: 13384889171265669070

174 timneilson the Ruffian (level 5, 0/35 HPs)
             Began as an Octopode Shapeshifter on Feb 16, 2024.
             Succumbed to an adder's poison
             ... on level 2 of the Dungeon.
             The game lasted 00:03:40 (1655 turns).

timneilson the Ruffian (Octopode Shapeshifter)      Turns: 1655, Time: 00:03:41

Health: 0/35       AC:  1    Str: 15    XL:     5   Next: 54%
Magic:  1/5        EV: 13    Int: 13    God:
Gold:   170        SH:  0    Dex: 11    Spells: 4/4 levels left

rFire   . .          .
                       - Unarmed
rCold   . . .        (no shield)
rNeg    . . .        (helmet currently unavailable)
rPois   .            l - amulet of guardian spirit
rElec   .            (no ring)
rCorr   .            (no ring)
SInv    .            (no ring)
Will    .....        (no ring)
Stlth   +++          (no ring)
HPRegen 0.25/turn    (no ring)
MPRegen 0.09/turn    (no ring)
                     (no ring)

%: guardian spirit
@: lethally poisoned (0 -> -2), beast-form
A: beast (slay +2), almost no armour, amphibious, 8 rings, camouflage 1,
gelatinous body 1, (nimble swimmer 1), tentacles
a: Begin Untransformation


You were on level 2 of the Dungeon.
You were a hulking beast.
You visited 1 branch of the dungeon, and saw 3 of its levels.

You collected 170 gold pieces.

Inventory:

Jewellery
 l - an amulet of guardian spirit (around mantle)
Talismans
 b - a beast talisman (active)
 c - a flux talisman
 g - a blade talisman
Scrolls
 d - a scroll of immolation
 h - a scroll of fear
Potions
 a - a potion of lignification
 e - 2 potions of resistance {unknown}
 f - a potion of curing {unknown}
 i - a potion of heal wounds {unknown}
 k - a potion of haste {unknown}


   Skills:
 * Level 2.4 Fighting
 * Level 3.3 Dodging
 + Level 2.1 Stealth
 * Level 3.8 Unarmed Combat
 * Level 3.6 Shapeshifting


You had 4 spell levels left.
You didn't know any spells.
Your spell library contained the following spells:

 Spells                   Type           Power      Damage    Failure   Level
 Call Imp                 Summ           0%         N/A       43%         2
 Sublimation of Blood     Necr           0%         N/A       43%         2
 Summon Hydra             Summ           0%         N/A       100%        7


Dungeon Overview and Level Annotations

Branches:
Dungeon (3/15)

Altars:

Shops:
D:2 =


Innate Abilities, Weirdness & Mutations

You are a hulking beast.
Your limbs bulge with bestial killing power. (Slay +2)
You cannot wear most types of armour.
You are amphibious.
You can wear up to eight rings at the same time.
Your skin changes colour to match your surroundings (Stealth+).
Your rubbery body absorbs attacks. (AC +1, EV +1)
((You are camouflaged when in or above water. (Stealth+)))
You have tentacles for arms and can constrict up to eight enemies at once.


Message History

You climb downwards.
The orc hits you with a +0 hand axe. The orc barely misses you.
The orc hits you with a +0 club. The orc barely misses you. The rat bites you.
The adder misses you.
There is a stone staircase leading up here.
The orc misses you. The adder bites you. The rat closely misses you.
The orc closely misses you. The orc barely misses you. The orc misses you.
You climb upwards.
There is a stone staircase leading down here.
Unknown command.
You tentacle-slap the adder. Your grab misses the adder.
Your squeeze misses the adder.
The adder is lightly wounded.
The adder bites you. The orc misses you. The orc hits you with a +0 whip.
The orc barely misses you. The orc hits you with a +0 hand axe.
You miss the adder. Your grab misses the adder.
The adder is lightly wounded.
The adder bites you.
You are poisoned.
The adder poisons you! The orc hits you with a +0 dagger.
The orc barely misses you. x2; The orc closely misses you.
You tentacle-slap the adder. Your grab misses the adder.
Your squeeze misses the adder.
The adder is severely wounded.
You feel sick. The adder barely misses you. The orc hits you with a +0 dagger.
* * * LOW HITPOINT WARNING * * *
The orc hits you with a +0 whip. The orc closely misses you.
The orc barely misses you.
You tentacle-slap the adder.
You kill the adder!
You feel sick. The orc hits you with a +0 club.
* * * LOW HITPOINT WARNING * * *
The orc barely misses you. x2; The orc hits you with a +0 whip.
* * * LOW HITPOINT WARNING * * *
Unknown command.
* * * LOW HITPOINT WARNING * * *
You feel sick. The orc completely misses you.
The orc hits you with a +0 dagger.
* * * LOW HITPOINT WARNING * * *
You see here an adder corpse.
You die...

#..##.#.##....♣♣♣♣..#
#..##.#.....#.P♣♣♣..#
#...#.#####.#÷PP♣PP.#
#.#.............P...#
#.###....#..#.......#
#...........#.......#
##........r.#.......#
#.......oo##.......#
#......oo†h........#
#############......#
#......# ########


You could see 4 orcs and a rat.

Vanquished Creatures
  Terence (D:2)
  Robin (D:2)
  3 adders (D:2)
  A dart slug (D:2)
  2 ribbon worms (D:2)
  2 endoplasms (D:1)
  6 giant cockroaches
  12 goblins
  7 hobgoblins
  3 jackals (D:1)
  2 quokkas
  4 ball pythons
  7 bats
  2 frilled lizards (D:1)
  3 kobolds (D:1)
  3 rats
59 creatures vanquished.

Notes
Turn   | Place    | Note
-------+----------+-------------------------------------------
     0 | D:1      | timneilson the Octopode Shapeshifter began the quest for
                  | the Orb.
     0 | D:1      | Reached XP level 1. HP: 13/13 MP: 1/1
     3 | D:1      | Noticed an electric eel
    68 | D:1      | Reached XP level 2. HP: 6/18 MP: 2/2
   126 | D:1      | Found a faded altar of an unknown god.
   239 | D:1      | Reached skill level 1 in Stealth
   269 | D:1      | Reached XP level 3. HP: 23/23 MP: 3/3
   873 | D:2      | Reached XP level 4. HP: 23/29 MP: 4/4
  1104 | D:2      | Noticed Terence
  1113 | D:2      | Killed Terence
  1114 | D:2      | Reached XP level 5. HP: 22/34 MP: 5/5
  1335 | D:2      | Found Xoaver's Jewellery Boutique.
  1378 | D:2      | Noticed Robin
  1399 | D:2      | Killed Robin
  1654 | D:2      | HP: 1/35 [orc/+0 dagger (2)]
  1655 | D:2      | Succumbed to an adder's poison

Illustrated notes

Levels and vault maps discovered:
D:1:      arrival_aquarium_b, layout_rooms,
          shapermc_ecumenical_altar_mp_highgroup, hangedman_decor_growths
D:2:      layout_basic, serial_shops, shop, serial_forest,
          infiniplex_forest_clump_curved, infiniplex_forest_clump_C,
          infiniplex_forest_clump_small, infiniplex_forest_zigzag_2,
          infiniplex_forest_straight_4, infiniplex_forest_clump_small,
          uniq_terence, uniq_robin
D:3:      layout_basic, mainiacjoe_overflow_chevrons, serial_shops, shop_statue,
          grunt_ministairs_7, minmay_liquid_box, nicolae_hexahallways,
          kennysheep_nondescript

Skill      XL: |  1  2  3  4  5 |
---------------+----------------+-----
Stealth        | 1 2 |  2.1
Fighting       | 2 |  2.4
Dodging        | 3 |  3.3
Unarmed Combat | |  3.8
Shapeshifting  | |  3.6

Action                     |  1- 3 |  4- 6 || total
---------------------------+-------+-------++-------
  Melee: Unarmed           |    59 |    62 ||   121
         Constrict         |    18 |    13 ||    31
         Tentacles         |    11 |    11 ||    22
         Punch             |     1 |     2 ||     3
    Use: Scroll            |     5 |     1 ||     6
   Stab: Sleeping          |     4 |     2 ||     6
 Armour: Skin              |    23 |    49 ||    72
  Dodge: Dodged            |    37 |    59 ||    96

Table legend: (Time is in decaauts)
 A = Elapsed time spent in this place.
 B = Non-inter-level travel time spent in this place.
 C = Inter-level travel time spent in this place.
 D = Time resting spent in this place.
 E = Time spent auto-exploring this place.
 F = Levels seen in this place.
 G = Mean time per level.
                   A        B        C        D        E       F      G
               +--------+--------+--------+--------+--------+-----+--------+
         Total |   1647 |   1598 |     49 |    103 |   1096 |   3 |  549.0 |
       Dungeon |   1647 |   1598 |     49 |    103 |   1096 |   3 |  549.0 |
               +--------+--------+--------+--------+--------+-----+--------+

Top non-repeatable levels by time:
     D:2: 844 daAuts
     D:1: 798 daAuts
     D:3: 4 daAuts
